AoeStats
← zaferyavuz12345678910

Arena

509880976Analyzed
1v1 RM · 3d ago on Sep 28, 2026· 49m 41s· 2 players
Game mode
Random Map
Map size
Tiny (2 player)
Population
200
Speed
Normal
Resources
Standard
Victory
Conquest
Starting age
Dark Age
Ending age
Imperial Age
RankedLock teamsTeams togetherTeam positionsShared explorationLock speedFull tech treeHidden civsTurbo modeCheats
Victory
Defeat
🇵🇪 Franks · Peru
608
+16
🇹🇷 Inca · Türkiye
618
-16
A†ilA
7:34 Loom
10:56 Feudal Age
12:15 Wheelbarrow
11:32 Double-Bit Axe
20:13 Forging
23:37 Castle Age
23:50 Forging
25:00 Hand Cart
26:07 Husbandry
27:09 Bow Saw
30:23 Gold Mining
30:25 Stone Mining
31:45 Iron Casting
35:11 Imperial Age
38:53 Ballistics
40:03 Gold Shaft Mining
40:13 Conscription
42:20 Chemistry
43:01 Elite Throwing Axeman
45:22 Herbal Medicine
45:22 Cavalier
46:47 Scale Mail Armor
47:01 Scale Barding Armor
zaferyavuz12345678910
10:44 Feudal Age
11:37 Double-Bit Axe
11:51 Gold Mining
18:12 Castle Age
22:42 Horse Collar
24:21 Bow Saw
25:54 Pikeman
27:37 Heavy Plow
29:04 Wheelbarrow
28:32 Stone Mining
29:22 Gold Shaft Mining
31:50 Imperial Age
30:43 Stone Shaft Mining
30:50 Loom
31:23 Hand Cart
31:24 Forging
31:15 Scale Mail Armor
31:50 Ballistics
33:15 Crop Rotation
33:31 Conscription
33:50 Elite Skirmisher
36:21 Iron Casting
35:37 Fletching
38:20 Chemistry
37:55 Onager
41:38 Halberdier
43:00 Champi Runner
44:37 Heavy Scorpion
45:01 Champi Warrior
45:57 Loom
Connection lost

Rejoining the realm…

Still unreachable

The connection could not be restored.

Session expired

The server has moved on; the page needs a fresh start.